 Dungeon Crawl Stone Soup version 0.26.1-2-gb8aa6d0cf2 (webtiles) character file.

Game seed: 1983148069164962627

341 funkygono the Covered (level 6, -1/57 HPs)
             Began as a Gargoyle Fighter on Mar 14, 2021.
             Slain by an orc warrior
             ... wielding a +0 flail
              (10 damage)
             ... on level 3 of the Dungeon.
             The game lasted 00:08:47 (4560 turns).

funkygono the Covered (Gargoyle Fighter)            Turns: 4560, Time: 00:08:47

Health: -1/57      AC: 23    Str: 22    XL:     6   Next: 56%
Magic:  6/6        EV:  2    Int:  8    God:
Gold:   220        SH:  9    Dex:  9    Spells: 5/5 levels left

rFire    x . .     SeeInvis .   k - +0 whip
rCold    + . .     Faith    .   c - +0 kite shield
rNeg     + + +     Spirit   .   (armour currently unavailable)
rPois    ∞         Reflect  .   (helmet currently unavailable)
rElec    .         Harm     .   (cloak currently unavailable)
rCorr    .         Rampage  .   (gloves currently unavailable)
Will     .....     NoTele   +   (boots currently unavailable)
Stlth    +.........             (no amulet)
HPRegen  0.19/turn              i - ring of wizardry
MPRegen  0.10/turn              o - ring of ice

@: tree-form
A: negative energy resistance 1, petrification resistance, miasma immunity, AC
+4
a: no special abilities


You were on level 3 of the Dungeon.
You were a tree.
You visited 1 branch of the dungeon, and saw 4 of its levels.

You collected 220 gold pieces.

Inventory:

Hand Weapons
 a - a +0 flail
 k - a +0 whip (weapon)
Missiles
 s - 44 arrows
 u - 23 bolts
Armour
 b - a +0 scale mail
 c - a +0 kite shield (worn)
 n - a +0 helmet (melded)
 q - a +0 plate armour (melded)
 r - a +0 pair of gloves (melded)
Jewellery
 i - a ring of wizardry (left branch)
 o - a ring of ice (right branch)
Scrolls
 e - 4 scrolls of remove curse
 j - 2 scrolls of identify
 l - 2 scrolls of teleportation
 w - a scroll of amnesia
Potions
 h - 2 potions of cancellation
 m - 3 potions of magic
 p - 2 potions of attraction
 v - a potion of flight


   Skills:
 * Level 4.1 Fighting
 * Level 4.2 Maces & Flails
 * Level 5.0 Armour
 + Level 0.5 Dodging
 + Level 4.5 Shields


You had 5 spell levels left.
You didn't know any spells.
Your spell library was empty.

Dungeon Overview and Level Annotations

Branches:
Dungeon (4/15)
 Temple: D:4-7

Altars:
Dithmenos
Fedhas
Ru
Sif Muna
Trog
Uskayaw
Zin


Innate Abilities, Weirdness & Mutations

You are resistant to torment.
((Your stone body is resilient. (AC +4)))
You are immune to poison.
You resist negative energy. (rN+)
((You are resistant to electric shocks. (rElec)))
((You can survive without breathing.))
You are immune to petrification.
You are immune to miasma.


Message History

The orc warrior is lightly wounded.
The orc warrior hits you with a +0 flail.
* * * LOW HITPOINT WARNING * * *
You hit the orc warrior but do no damage.
The orc warrior is lightly wounded.
Really quaff the potion of lignification?
Okay, then.
Really quaff the potion of lignification?
You turn into a tree.
Your +0 helmet melds into your body.
Your +0 pair of gloves melds into your body.
Your +0 plate armour melds into your body.
Your roots penetrate the ground.
You block the orc warrior's attack.
Unknown command.
You hit the orc warrior but do no damage.
The orc warrior is lightly wounded.
You block the orc warrior's attack.
You hit the orc warrior but do no damage.
The orc warrior is lightly wounded.
The orc warrior hits you with a +0 flail!
You die...

#.#######.#......#.###..# #.#
#.#.......#.#......##...###.#
#.#.#####.#.#.##.#........#.#
#.#.##..#.#......#.##...#.#.#
#.#^##..#.###..#.#.##...#.#.#
#.#.##..#.####.#.#.##...#.#.#
#.#.##..#........#.##...#.#.#
#.#.##..#...(.#..#.##...#.#.#
..#.##..#.....#o♣#......#.#.#
###.##..#.....#.>#####..#.#.#
..#.##..#.....#### #..#.#.#
#.#.##..#.....# #..#.#.#
#.#.##........########..#.#.#
#.#.##.###.#............#.#.#
## #.#.##.#
#.############.#.#.# #.
#.#.##.# #.# #.#...# #.
#†#.##.###.# #.########.


You could see an orc warrior.

Vanquished Creatures
  A scorpion (D:4)
  An orc priest (D:4)
  A hound (D:4)
  An orc wizard (D:4)
  Terence (D:3)
  2 worker ants (D:4)
  Robin (D:3)
  2 adders (D:4)
  An ooze (D:3)
  A worm (D:1)
  4 dart slugs
  4 leopard geckos
  8 orcs
  4 giant cockroaches
  13 goblins
  4 hobgoblins
  4 jackals (D:2)
  5 kobolds
  A quokka (D:4)
  3 ball pythons
  3 bats
  8 frilled lizards
  A leopard gecko skeleton (D:4)
  A quokka skeleton (D:4)
  8 rats
83 creatures vanquished.

Notes
Turn   | Place    | Note
-------+----------+-------------------------------------------
     0 | D:1      | funkygono the Gargoyle Fighter began the quest for the Orb.
     0 | D:1      | Reached XP level 1. HP: 14/14 MP: 1/1
   247 | D:1      | Reached XP level 2. HP: 19/19 MP: 2/2
   757 | D:1      | Reached XP level 3. HP: 22/23 MP: 3/3
  1115 | D:2      | Found a shadowy altar of Dithmenos.
  1653 | D:2      | Found a bloodstained altar of Trog.
  1654 | D:2      | Found a glowing silver altar of Zin.
  1654 | D:2      | Found a sacrificial altar of Ru.
  1654 | D:2      | Found a hide-covered altar of Uskayaw.
  1676 | D:2      | Found a blossoming altar of Fedhas.
  1680 | D:2      | Found a shimmering blue altar of Sif Muna.
  1951 | D:3      | Noticed Terence
  1982 | D:3      | Killed Terence
  1983 | D:3      | Reached skill level 4 in Armour
  1983 | D:3      | Reached XP level 4. HP: 28/29 MP: 4/4
  2106 | D:3      | Noticed Robin
  2163 | D:3      | Killed Robin
  2587 | D:3      | Reached XP level 5. HP: 32/33 MP: 5/5
  3737 | D:4      | Reached XP level 6. HP: 24/38 MP: 6/6
  4180 | D:4      | Reached skill level 5 in Armour
  4235 | D:4      | Noticed an orc warrior
  4560 | D:3      | Slain by an orc warrior

Illustrated notes

Levels and vault maps discovered:
D:1:      onia_arrival_mini_maze_b, layout_basic
D:2:      minmay_chambers_of_ones, layout_rooms,
          nicolae_dithmenos_through_a_glass_darkly, minmay_overflow_temple_hex,
          minmay_unequal
D:3:      layout_basic, uniq_terence, uniq_robin
D:4:      cheibrodos_quashed, layout_cave_pools, kennysheep_nondescript,
          bloody_makhleb

Skill      XL: |  1  2  3  4  5  6 |
---------------+-------------------+-----
Armour         | 4 5 |  5.0
Shields        | 4 |  4.5
Maces & Flails | 3 4 |  4.2
Fighting       | 4 |  4.1
Dodging        | |  0.5

Action                   |  1- 3 |  4- 6 || total
-------------------------+-------+-------++-------
Melee: Flail             |    89 |       ||    89
       Whip              |   113 |   339 ||   452
  Use: Scroll            |     6 |     5 ||    11
       Potion            |       |     3 ||     3
Armor: Scale mail        |    94 |       ||    94
       Plate armour      |    32 |   222 ||   254
Dodge: Dodged            |    49 |    51 ||   100
Block: Kite shield       |    97 |   197 ||   294
